[Event "*** Titled Tuesday 3|2 Blitz"]
[Site "Chess.com"]
[Date "2016.07.05"]
[Round "4"]
[White "Saitama_Hero"]
[Black "Schemato"]
[Result "0-1"]
[WhiteElo "2096"]
[BlackElo "2205"]
[TimeControl "180+2"]
[EndTime "11:50:44 PDT"]
[Termination "Schemato won on time"]

1. d4 e6 2. c4 f5 3. Nf3 Nf6 4. Nc3 Bb4 5. Bf4 b6 6. e3 Bxc3+ 7. bxc3 Bb7 8. Be2 O-O 9. O-O d6 10. a4 a5 11. Qb3 Qe7 12. c5 Nbd7 13. cxd6 cxd6 14.
c4 Ne4 15. h4 h6 16. Rfd1 Kh7 17. h5 Rad8 18. Qa3 Rfe8 19. Ne1 e5 20. dxe5 dxe5 21.
Qxe7 Rxe7 22. Bh2 Nc3 23. Rd2 Nxe2+ 24. Rxe2 Nc5 25. Rb2 Re6 26. Nf3 Bxf3 27. gxf3 g6 28. hxg6+ Kxg6 29. Rb5 Kf6 30. Rab1 Nxa4 31. R1b3 Nc5 32.
Rb2 Rdd6 33. f4 e4 34. Bg3 Nd3 35. Rb1 Rc6 36. Kh2 Ke7 37. Rxf5 Rxc4 38. Rd5 Rc2 39. Bh4+ Kf7 40. Rd7+ Ke8 41. Rd8+ Kf7 42. Rd7+ Kf8 43. Kg2 a4 44. Rb5 Rc5 45. Rxc5 Nxc5 46. Ra7 b5 47. f5 Ra6 48. Be7+ Ke8 49. Rc7 Nd7 50. f6 a3 51.
Bxa3 Rxa3 52. f7+ Kxf7 53. Rxd7+ Ke6 54. Rb7 Rb3 55. Rb6+ Kd5 56. Rxh6 b4 57. Rh5+ Kc4 58. Re5 Kd3 59. Rd5+ Ke2 60. Rd4 Rb1 61. Rxe4 b3 62.
Rb4 Kd3 63. e4 Kc3 64. Rb6 Re1 0-1

[Event "*** Titled Tuesday 3|2 Blitz"]
[Site "Chess.com"]
[Date "2016.07.05"]
[Round "4"]
[White "bilelou"]
[Black "VSERGUEI"]
[Result "1/2-1/2"]
[WhiteElo "2255"]
[BlackElo "2482"]
[TimeControl "180+2"]
[EndTime "11:50:59 PDT"]
[Termination "Game drawn by agreement"]

1. d4 d5 2. c4 c6 3. Nf3 Nf6 4.
e3 Bf5 5. Nc3 e6 6. Nh4 Bg6 7.
h3 Nbd7 8. g4 Be7 9. Nxg6 hxg6 10. Bd2 a6 11. a3 dxc4 12. Bxc4 c5 13. dxc5 Nxc5 14. Qc2 Nxg4 15. b4 Nd7 16. Bxe6 Nde5 17. Bd5 Nf6 18. Bxb7 Ra7 19. Bg2 Rc7 20. Rd1 O-O 21. O-O Qc8 22. Qb3 Nc4 23. Be1 Qb8 24. Nd5 Nxd5 25. Rxd5 Rfc8 26. Rd4 Bf6 27. Re4 a5 28.
Qa4 Nd6 29. Rg4 Rc1 30. bxa5 Qb1 31. Rb4 Qa1 32. a6 Rxe1 33. a7 Kh7 34. a8=Q Rxa8 35. Qxa8 Nf5 36. Rb8 Rxf1+ 37. Bxf1 g5 38. Qe4 g6 39.
Rb7 Nh6 40. a4 Kg7 41. Kg2 Nf5 42. Kg1 Nd6 43. Qc6 Nxb7 44. Qxb7 Qxa4 45. Qc7 Qa1 46. Kg2 Qb2 47. Bc4 Kh6 48. Qxf7 Bg7 49. Bd3 Qf6 50.
Qe8 Qd6 51. Be4 Qf6 52. Qc8 Qd6 53. Qg4 Qf6 54. Kg1 Qa1+ 55. Kh2 Qf6 56. Kg2 Qe5 57.
Bc2 Qf6 58. Kf1 Qa1+ 59. Ke2 Qf6 60. Qe4 Qa6+ 61. Bd3 Qf6 62. f3 Qb2+ 63. Bc2 Qf6 64. Kf2 Qb6 65. h4 Qf6 66. h5 Qf5 67. hxg6 Qxe4 68.
Bxe4 Be5 69. Kg2 Kg7 70. Kh3 Bf6 71. Kg4 Bd8 72. Kf5 Bb6 73. Kxg5 Bxe3+ 74. f4 Bd4 75. f5 Bf6+ 76. Kg4 Ba1 1/2-1/2

[Event "*** Titled Tuesday 3|2 Blitz"]
[Site "Chess.com"]
[Date "2016.07.05"]
[Round "4"]
[White "HansCoolNiemann"]
[Black "mwpchess"]
[Result "0-1"]
[WhiteElo "2330"]
[BlackElo "2413"]
[TimeControl "180+2"]
[EndTime "11:51:16 PDT"]
[Termination "mwpchess won by resignation"]

1. d4 Nf6 2. c4 e6 3. Nc3 Bb4 4. Bg5 c5 5. d5 h6 6. Bh4 d6 7. e3 O-O 8. Bd3 exd5 9. cxd5 Nbd7 10. Ne2 Ne5 11. O-O Ng6 12. Bg3 Nh5 13. a3 Ba5 14. Qb1 Nxg3 15. hxg3 f5 16. b4 Bc7 17. Bc4 Ne5 18.
Ba2 Kh8 19. Nf4 Qg5 20. Ne6 Bxe6 21. dxe6 Ng4 22. Rd1 cxb4 23. axb4 Qh5 24. Nd5 Qh2+ 25. Kf1 Qh1+ 26. Ke2 Qxg2 27. Rf1 Bb6 28. Qd3 Ne5 29.
Qd2 Qf3+ 30. Ke1 Rfc8 31. e7 Qe4 32. Bb1 Qc4 33. Qe2 Qc1+ 34. Qd1 Nf3+ 35. Ke2 Qb2+ 36. Kxf3 Qxa1 37. Qd3 Qe5 38. Kg2 Re8 39. Nf4 Qf6 40. Qxf5 Qxf5 41. Bxf5 Kg8 42. Nd5 Kf7 43. Rc1 Rxe7 44. Nxe7 Kxe7 45. Be4 Rb8 46. Bd5 Bd8 47. Kf3 a5 48. b5 Bb6 49. Ke4 Bc5 50. f4 b6 51. Bc6 Rf8 52. Kf3 a4 53. Rc4 a3 54.
Ra4 Kf6 55. Ra7 Rf7 56. Ra8 g5 57. g4 Re7 58. f5 Rxe3+ 59. Kg2 h5 60. Rf8+ Kg7 61.
Ra8 hxg4 62. Bd7 Re2+ 63. Kg3 Kf6 64. Be6 Re4 65. Rf8+ Ke5 66. Bg8 Rf4 67. Bh7 a2 68. Re8+ Kd4 69. Ra8 Rf3+ 70. Kxg4 Ra3 71. Rxa3 Bxa3 72.
f6 a1=Q 73. f7 d5 74. Kxg5 Qf1 75. f8=Q Qxf8 76. Bf5 Be7+ 77. Kg4 Qf6 0-1

[Event "*** Titled Tuesday 3|2 Blitz"]
[Site "Chess.com"]
[Date "2016.07.05"]
[Round "4"]
[White "Fandorine"]
[Black "MaestroASK"]
[Result "1-0"]
[WhiteElo "2629"]
[BlackElo "2481"]
[TimeControl "180+2"]
[EndTime "11:51:36 PDT"]
[Termination "Fandorine won by resignation"]

1. e4 d6 2. d4 g6 3. Nc3 c6 4. h3 e5 5. Be3 Nd7 6. g4 Bh6 7. Qd2 Bxe3 8. Qxe3 Ngf6 9. O-O-O h5 10. g5 Nh7 11. h4 O-O 12. f4 exf4 13. Qxf4 Qe7 14. Nf3 Nb6 15. Bd3 Bg4 16. Rde1 Rad8 17. Nd2 Rfe8 18. a3 Nf8 19. Nc4 Ne6 20. Qf2 Nxc4 21. Bxc4 Qc7 22. Rhf1 Bh3 23. Rg1 Bg4 24. Bb3 Rd7 25.
Kb1 Qd8 26. e5 d5 27. Na4 b5 28. Nc3 Qb6 29. Rxg4 hxg4 30. Ne2 Ng7 31. Rg1 Rxe5 32. Rxg4 Re8 33. Ng3 Rde7 34. Rf4 a5 35. c3 b4 36. cxb4 axb4 37. a4 Qa7 38. Rf6 Ne6 39. h5 Qxd4 40. Qh2 Nxg5 41. Rxc6 Re6 42. Rxe6 Rxe6 43. hxg6 fxg6 44.
Ka2 Nf7 45. Qg2 Re5 46. Nf5 Rxf5 47. Qxg6+ Kf8 48. Qxf5 Ke7 49. Bxd5 Nd8 50. Bb3 Kd6 51. Qg6+ Kc7 52. Qg3+ Qd6 53. Qg7+ Kb6 54. Qg5 Kc7 55. Qb5 Qb6 56. Qc4+ Kb8 57. Qf4+ Ka7 58. Bd5 Ka6 59. Qf1+ Ka5 60. Bb3 Nc6 61. Qf5+ Ka6 62. Bc4+ Ka7 63. Qd7+ Kb8 64. Qd6+ Qc7 65. Qc5 b3+ 66. Bxb3 Na5 67. Qxc7+ Kxc7 68. Bf7 Kb6 69. b4 Nc6 70. Ka3 Nd4 71. Bg6 Nc6 72. Be4 Ne5 73. Kb3 Nd7 74. a5+ Kb5 75. Bd3+ Kc6 76. Ka4 Ne5 77. Be4+ Kc7 78.
b5 Nc4 79. Kb4 Nd6 80. Bh1 Kb8 81. b6 Nc8 82. Kb5 Nd6+ 83. Kc5 Nc8 84. a6 Na7 85. bxa7+ Kxa7 86. Kb5 Kb8 87. Kb6 1-0

[Event "*** Titled Tuesday 3|2 Blitz"]
[Site "Chess.com"]
[Date "2016.07.05"]
[Round "4"]
[White "macko06"]
[Black "Usurpov"]
[Result "1-0"]
[WhiteElo "2227"]
[BlackElo "2327"]
[TimeControl "180+2"]
[EndTime "11:52:07 PDT"]
[Termination "macko06 won by resignation"]

1. d4 Nf6 2. c4 g6 3. Nc3 d5 4. Nf3 Bg7 5. Qb3 dxc4 6. Qxc4 O-O 7. e4 Bg4 8. Be2 Nfd7 9. Be3 Nb6 10. Qd3 Nc6 11. d5 Bxf3 12. dxc6 Bxe2 13. Qxe2 bxc6 14.
O-O Qc8 15. Rac1 Qe6 16. Qc2 Nc4 17. Bf4 Rfd8 18. b3 Ne5 19. Na4 Nd3 20. Nc5 Nxc5 21. Qxc5 Qxe4 22. Bg3 e6 23. Qxc6 Qxc6 24. Rxc6 Rd2 25.
a4 Rb2 26. Rxc7 Rxb3 27. Rfc1 Bf6 28. Kf1 Ra3 29. R1c4 Ra2 30. Rb7 Rd8 31. Rb8 Rxb8 32. Bxb8 a6 33. Bf4 g5 34. Be3 Kg7 35. g4 Kg6 36. Kg2 Be5 37. h3 f6 38. Kf3 h5 39.
Rb4 h4 40. Rc4 Ra1 41. Kg2 Kf7 42. Rb4 Ke8 43. Rc4 Kd7 44. Rb4 a5 45. Rc4 Bd6 46. Bd4 Ra2 47. Bxf6 Bf4 48. Bd4 e5 49. Ba7 e4 50.
Rxe4 Kc6 51. Be3 Bxe3 52. Rxe3 Rxa4 53. Re5 Kb6 54. Rxg5 Rc4 55. Rg8 Rc7 56. Rg6+ Rc6 57. Rg8 Rc7 58. Rg6+ Kb5 59. Rg8 Rc6 60. Rd8 a4 61. f4 Rc3 62. Rb8+ Ka5 63. f5 Rg3+ 64. Kh2 a3 65. f6 Rf3 66. g5 Rf5 67. Ra8+ Kb4 68. Rg8 a2 69. Ra8 Rf2+ 70. Kg1 Rb2 71.
g6 Rb1+ 72. Kg2 Rb2+ 73. Kf3 Rb3+ 74. Kg4 Ra3 75. Rxa3 Kxa3 76. f7 a1=Q 77. f8=Q+ Kb3 78. Qf3+ Kc4 79. Kxh4 Qh8+ 80. Kg3 Kc5 81. Qf5+ Kd6 82. Kg4 Ke7 83. Qf7+ Kd6 84. Qf4+ Ke6 85. Qf5+ Kd6 86.
h4 Ke7 87. Qg5+ Ke6 88. Qf5+ Kd6 89. h5 Ke7 90. Qe4+ Kd7 91. Qf5+ Ke7 92. Qf7+ Kd6 93. g7 Qc8+ 94. Qf5 Qg8 95. Qf8+ 1-0

[Event "*** Titled Tuesday 3|2 Blitz"]
[Site "Chess.com"]
[Date "2016.07.05"]
[Round "4"]
[White "amaidel"]
[Black "vovkcoach"]
[Result "1-0"]
[WhiteElo "2452"]
[BlackElo "2499"]
[TimeControl "180+2"]
[EndTime "11:52:34 PDT"]
[Termination "amaidel won by resignation"]

1. e4 c6 2. d4 d5 3. e5 Bf5 4.
Nf3 e6 5. Be2 Nd7 6. O-O Ne7 7. Be3 Nc8 8. c4 Be7 9. Nc3 O-O 10.
cxd5 cxd5 11. Rc1 a6 12. Na4 Na7 13. Qb3 b5 14. Nc5 Bxc5 15. dxc5 Nc6 16. Nd4 Ndxe5 17. Nxf5 exf5 18. Rfd1 d4 19. Bf4 Qf6 20. Qg3 h6 21. a3 Rad8 22. b4 Rfe8 23. Rb1 Kh7 24. a4 d3 25.
Bxd3 Nxd3 26. Rxd3 bxa4 27. Rxd8 Rxd8 28. Qa3 Qd4 29.
Qxa4 Qe4 30. Rf1 Nxb4 31. Bc7 Rd4 32. Bb6 Qe2 33. c6 Rg4 34. c7 Qe6 35. Ba5 Nc6 36. Qc2 Ne7 37. Re1 Re4 38. Rxe4 Qxe4 39. Qc1 Qa4 40.
Bb6 Qb5 41. Be3 Nc8 42. h3 a5 43. Qc2 a4 44. g4 g6 45. Qa2 Qd7 46. gxf5 Qxf5 47.
Qxa4 Qxh3 48. Qe8 Qg4+ 49. Kf1 Qh3+ 50. Kg1 Qg4+ 51. Kf1 Qe6 52. Qd8 g5 53. Bd4 Kg6 54. Qg8+ Kf5 55. Qh7+ Kg4 56. Qh8 h5 57. Be3 h4 58.
Qg8 Qc4+ 59. Kg1 Kh3 60. Qxc8+ g4 61. Qd7 Qe2 62. Qd2 Qf3 63. Kf1 Qh1+ 64. Ke2 Qf3+ 65.
Kd3 Qd5+ 66. Kc2 Qf5+ 67. Qd3 Qe6 68. Qc3 Qe4+ 69. Kb2 Qb7+ 70. Kc1 Qc8 71. Qc6 g3 72. fxg3 hxg3 73. Qh6+ Kg2 74. Qd6 Qb7 75. Qc5 Qc8 76.
Qd5+ Kh2 77. Qd8 Qe6 78. c8=Q Qxe3+ 79. Qd2+ Qf2 80. Qf5 Qxd2+ 81. Kxd2 g2 82. Qh5+ Kg3 83. Qg5+ Kh2 84. Qh4+ Kg1 85. Ke2 f5 86. Kf3 f4 87.
Qf2+ 1-0

[Event "*** Titled Tuesday 3|2 Blitz"]
[Site "Chess.com"]
[Date "2016.07.05"]
[Round "5"]
[White "GeorgMeier"]
[Black "popov_m"]
[Result "1-0"]
[WhiteElo "2686"]
[BlackElo "2211"]
[TimeControl "180+2"]
[EndTime "11:56:48 PDT"]
[Termination "GeorgMeier won by resignation"]

1. Nf3 Nf6 2. g3 g6 3. Bg2 Bg7 4. O-O O-O 5. d4 d6 6. b3 Bf5 7.
Bb2 Nc6 8. Nbd2 e5 9. dxe5 Ng4 10. Nd4 Nxd4 11. Bxd4 dxe5 12. Bc5 Re8 13. Bxb7 Rb8 14. Bc6 Bd7 15. Bxd7 Qxd7 16. e4 Qc6 17. Qxg4 Qxc5 18. Nc4 Rbd8 19. Rad1 Rd4 20. c3 Rxc4 21. bxc4 Qxc4 22.
Qd7 Rf8 23. Qd5 Qxc3 24. Rc1 Qa3 25. Rxc7 a5 26. Rb1 a4 27. Kg2 1-0

[Event "*** Titled Tuesday 3|2 Blitz"]
[Site "Chess.com"]
[Date "2016.07.05"]
[Round "5"]
[White "SavelijTartakover"]
[Black "mortalbovine"]
[Result "1-0"]
[WhiteElo "2514"]
[BlackElo "1674"]
[TimeControl "180+2"]
[EndTime "11:57:25 PDT"]
[Termination "SavelijTartakover won by checkmate"]

1. d4 d5 2. c4 e5 3. dxe5 d4 4. e4 dxe3 5. Qxd8+ Kxd8 6. Bxe3 Bb4+ 7. Nc3 Bxc3+ 8.
bxc3 Nc6 9. O-O-O+ Ke8 10. f4 Bf5 11. Nf3 Rd8 12. Rxd8+ Kxd8 13. Nd4 Nxd4 14. cxd4 Ne7 15. Be2 Be4 16. d5 Nf5 17. Bxa7 b6 18. c5 bxc5 19. Bxc5 Bxg2 20. Rd1 Kc8 21. Ba6+ Kd7 22. Bb5+ Kc8 23. d6 c6 24. Bd3 g6 25. Rd2 Bd5 26. Rb2 Ng7 27.
Ba6+ Kd7 28. Rb7+ Ke6 29. Bd3 Ra8 30. Re7# 1-0

[Event "*** Titled Tuesday 3|2 Blitz"]
[Site "Chess.com"]
[Date "2016.07.05"]
[Round "5"]
[White "akinov-akinseye"]
[Black "Makalexa"]
[Result "0-1"]
[WhiteElo "1827"]
[BlackElo "2182"]
[TimeControl "180+2"]
[EndTime "11:57:42 PDT"]
[Termination "Makalexa won by resignation"]

1. d4 Nf6 2. Nf3 g6 3. e3 Bg7 4. Bd3 d5 5. O-O O-O 6. b3 Ne4 7. Bb2 f5 8. Nbd2 c5 9. Ne5 Nc6 10. f4 Bxe5 11. fxe5 Be6 12. a3 Qb6 13. Rb1 cxd4 14.
exd4 Nxd4 15. Bxe4 dxe4 16. Kh1 Rad8 17. Bxd4 Qxd4 18.
Nc4 Bxc4 19. Qxd4 Rxd4 20. bxc4 Rb8 21. c5 Rc4 22. Rb5 a6 23. Rb4 Rxc5 24. c4 Rxe5 25. Rfb1 b5 26. cxb5 Rexb5 0-1

[Event "*** Titled Tuesday 3|2 Blitz"]
[Site "Chess.com"]
[Date "2016.07.05"]
[Round "5"]
[White "tigra"]
[Black "MaestroASK"]
[Result "1-0"]
[WhiteElo "2441"]
[BlackElo "2468"]
[TimeControl "180+2"]
[EndTime "11:57:44 PDT"]
[Termination "tigra won by resignation"]

1. e4 d6 2. d4 g6 3. Nc3 c6 4. a4 e5 5. dxe5 dxe5 6. Qxd8+ Kxd8 7. Bc4 f6 8. a5 Nd7 9. Nf3 Bh6 10. Nd2 Ke7 11. b4 Rb8 12. Ba3 Ke8 13. b5 Bf8 14. Ke2 Nh6 15. Rhb1 Bxa3 16. Rxa3 c5 17. b6 a6 18. Nd5 Nf7 19. Nc7+ Ke7 20. Bxf7 Kxf7 21. Nc4 Rd8 22. Rd1 Rg8 23. Rad3 Nf8 24. Rd8 Bg4+ 25. f3 Rxd8 26. Rxd8 Bd7 27. Nd6+ Ke7 28.
Nxb7 Bc6 29. Nd5+ Kf7 30. Nd6+ Kg7 31. Ne7 1-0

[Event "*** Titled Tuesday 3|2 Blitz"]
[Site "Chess.com"]
[Date "2016.07.05"]
[Round "5"]
[White "Masterbeaterr"]
[Black "pedromartinez91"]
[Result "0-1"]
[WhiteElo "2276"]
[BlackElo "2290"]
[TimeControl "180+2"]
[EndTime "11:57:47 PDT"]
[Termination "pedromartinez91 won by resignation"]

1. e4 e6 2. d4 d5 3. Nc3 Nf6 4. e5 Ne4 5. Nxe4 dxe4 6. Bc4 c5 7. d5 Nd7 8. dxe6 fxe6 9. Bxe6 Nxe5 10. Qxd8+ Kxd8 11.
Bg5+ Be7 12. O-O-O+ Nd3+ 13. Kb1 Bxe6 14. Bxe7+ Kxe7 15. cxd3 exd3 16. Nf3 Kf6 17. Rhe1 Rhe8 18. h3 Bd5 19.
Nh4 g5 20. Nf3 Bxf3 21. gxf3 Re2 22. Rf1 c4 23. Rc1 b5 24. Rc3 Rae8 25. Kc1 Re1+ 26.
Rxe1 Rxe1+ 27. Kd2 Re2+ 28. Kc1 Ke5 29. b3 Kd4 0-1

[Event "*** Titled Tuesday 3|2 Blitz"]
[Site "Chess.com"]
[Date "2016.07.05"]
[Round "5"]
[White "theprosecution1"]
[Black "TyIerDurden"]
[Result "0-1"]
[WhiteElo "2504"]
[BlackElo "2445"]
[TimeControl "180+2"]
[EndTime "11:58:01 PDT"]
[Termination "TyIerDurden won by checkmate"]

1. d4 Nf6 2. Nf3 c5 3. d5 d6 4. Nc3 g6 5. e4 Bg7 6. Be2 Na6 7. O-O Nc7 8. a4 O-O 9. Nd2 e5 10. Nc4 Re8 11. Rb1 b6 12. b4 cxb4 13. Rxb4 Na6 14.
Rb1 Nc5 15. f3 Nh5 16. a5 Ba6 17. axb6 Bxc4 18. Bxc4 axb6 19. g3 f5 20. Kg2 f4 21.
g4 Nf6 22. h3 h5 23. Bb5 Rf8 24. g5 Nh7 25. h4 Nxg5 26. hxg5 Qxg5+ 27. Kf2 Qg3+ 28. Ke2 g5 29. Bd2 g4 30. Be1 Qh2+ 31. Rf2 Qg1 32.
Rf1 Qe3# 0-1

[Event "*** Titled Tuesday 3|2 Blitz"]
[Site "Chess.com"]
[Date "2016.07.05"]
[Round "5"]
[White "Frolyanov_D"]
[Black "wonderfultime"]
[Result "0-1"]
[WhiteElo "2464"]
[BlackElo "2695"]
[TimeControl "180+2"]
[EndTime "11:58:02 PDT"]
[Termination "wonderfultime won by resignation"]

1. e4 c5 2. Nf3 d6 3. d4 cxd4 4. Nxd4 Nf6 5. Nc3 g6 6. Be3 Bg7 7. f3 O-O 8. Qd2 Nc6 9. Bc4 Bd7 10. O-O-O Rc8 11. Bb3 Nxd4 12. Bxd4 b5 13. h4 a5 14. h5 a4 15. Bxf6 Bxf6 16. hxg6 e6 17. Kb1 fxg6 18.
Qxd6 axb3 19. Qxd7 Qxd7 20. Rxd7 b4 21. Ne2 Rxc2 22.
Nd4 Rd2 0-1

[Event "*** Titled Tuesday 3|2 Blitz"]
[Site "Chess.com"]
[Date "2016.07.05"]
[Round "5"]
[White "Wolverine_master"]
[Black "Krupko_Alexey"]
[Result "1-0"]
[WhiteElo "2024"]
[BlackElo "1959"]
[TimeControl "180+2"]
[EndTime "11:58:04 PDT"]
[Termination "Wolverine_master won by checkmate"]

1. e4 e6 2. d4 d5 3. Nd2 Nf6 4. e5 Nfd7 5. Bd3 c5 6. c3 Nc6 7.
Ne2 cxd4 8. cxd4 f6 9. Nf4 Nxd4 10. Qh5+ Ke7 11. Ng6+ hxg6 12. Qxh8 Nxe5 13. Bb1 Qc7 14. O-O Ne2+ 15. Kh1 Nxc1 16. f4 Ng4 17. Qh4 Ne3 18. Re1 d4 19. Bxg6 Ne2 20. Rxe2 Bd7 21. Nf3 Qb6 22. Qe1 Rd8 23. Nxd4 Nxg2 24. Nf5# 1-0

[Event "*** Titled Tuesday 3|2 Blitz"]
[Site "Chess.com"]
[Date "2016.07.05"]
[Round "5"]
[White "saraswathii"]
[Black "Dlugy"]
[Result "0-1"]
[WhiteElo "2018"]
[BlackElo "2593"]
[TimeControl "180+2"]
[EndTime "11:58:55 PDT"]
[Termination "Dlugy won by resignation"]

1. e4 d5 2. exd5 Qxd5 3. d4 Qd6 4. Nc3 c6 5. Nf3 Bg4 6. Be2 Nd7 7. h3 Bh5 8. Be3 Ngf6 9. Qd2 e6 10. O-O-O Qc7 11.
Bf4 Qa5 12. a3 Be7 13. Ne5 Bxe2 14. Nxe2 Qxd2+ 15. Bxd2 Rd8 16. f4 O-O 17. g4 Nb6 18. Ba5 Ne4 19. Rhf1 Rd5 20. Bxb6 axb6 21. c4 Rdd8 22. Rd3 f6 23. Nf3 Nd6 24. b3 b5 25.
cxb5 Nxb5 26. a4 Nc7 27. Nc3 Bd6 28. Nd2 e5 29. dxe5 fxe5 30. fxe5 Bxe5 31. Rxd8 Rxd8 32. Nce4 Nd5 33. Nc4 Bf4+ 34. Kc2 b5 35. Rxf4 Nxf4 36. Na5 bxa4 37. bxa4 Ra8 0-1

[Event "*** Titled Tuesday 3|2 Blitz"]
[Site "Chess.com"]
[Date "2016.07.05"]
[Round "5"]
[White "YuriyKrykun"]
[Black "Saitama_Hero"]
[Result "0-1"]
[WhiteElo "2288"]
[BlackElo "2108"]
[TimeControl "180+2"]
[EndTime "11:59:01 PDT"]
[Termination "Saitama_Hero won by resignation"]

1. e4 c5 2. Nf3 d6 3. Bb5+ Bd7 4. Bxd7+ Qxd7 5. O-O Nf6 6. Qe2 Nc6 7. Rd1 g5 8. c3 g4 9. Nh4 O-O-O 10. d4 d5 11. e5 Ne4 12. Bf4 cxd4 13. cxd4 e6 14. Nc3 Nxc3 15. bxc3 h5 16. Bg5 Be7 17. Bxe7 Nxe7 18.
g3 Nf5 19. Nxf5 exf5 20. c4 h4 21. cxd5 Qxd5 22. Rac1+ Kb8 23. Rc5 Qe6 24. d5 Qh6 25. e6 hxg3 26. Qe5+ Ka8 27. Qxg3 fxe6 28. Rdc1 f4 29.
Qc3 Qxh2+ 30. Kf1 f3 31. Rc8+ Rxc8 32. Qxc8+ Rxc8 33. Rxc8+ Qb8 34. Rxb8+ Kxb8 35. dxe6 Kc7 36. e7 Kd7 37. Kg1 Kxe7 38. Kh2 Kf6 39. Kg3 Kg5 40. a3 b5 41. Kh2 Kf4 42. Kg1 a5 43. Kh2 b4 44. axb4 axb4 45. Kg1 b3 46. Kh1 b2 47.
Kh2 g3+ 48. Kh3 g2 49. Kh4 g1=Q 50. Kh3 Qg2+ 0-1

[Event "*** Titled Tuesday 3|2 Blitz"]
[Site "Chess.com"]
[Date "2016.07.05"]
[Round "5"]
[White "Semetey"]
[Black "macko06"]
[Result "1-0"]
[WhiteElo "2451"]
[BlackElo "2223"]
[TimeControl "180+2"]
[EndTime "11:59:02 PDT"]
[Termination "Semetey won by resignation"]

1. d4 Nf6 2. Bf4 e6 3. e3 c5 4. Nd2 Nc6 5. c3 b6 6. Ngf3 Bb7 7. Bd3 Be7 8. h3 d5 9. O-O O-O 10. Ne5 Nxe5 11. dxe5 Nd7 12. Qh5 g6 13. Qg4 Re8 14.
Nf3 Bf8 15. h4 c4 16. Bc2 Nc5 17. Rad1 Nd3 18. Bxd3 cxd3 19. h5 Ba6 20. Rd2 b5 21. a3 Bg7 22. g3 Qc7 23. Kg2 Qc4 24. Rh1 Qe4 25. hxg6 hxg6 26. Kg1 Bb7 27. Ng5 Qf5 28.
Qh4 d4 29. g4 dxe3 30. fxe3 Qxg5 31. Qxg5 Bxh1 32. Kxh1 Rad8 33. Qh4 Rd5 34. e4 Rd7 35. Qg3 Red8 36. Bg5 Rf8 37. Bf6 1-0

[Event "*** Titled Tuesday 3|2 Blitz"]
[Site "Chess.com"]
[Date "2016.07.05"]
[Round "5"]
[White "Sanan_Sjugirov"]
[Black "ZapataCharlesS"]
[Result "1-0"]
[WhiteElo "2662"]
[BlackElo "2462"]
[TimeControl "180+2"]
[EndTime "11:59:07 PDT"]
[Termination "Sanan_Sjugirov won by resignation"]

1. d4 d5 2. Nf3 Nf6 3. Bg5 e6 4.
e3 Be7 5. Nbd2 Nbd7 6. Bd3 h6 7. Bf4 c5 8. c3 b6 9. Qe2 Bb7 10. a4 a6 11. h3 Qc8 12. Ne5 Nxe5 13. Bxe5 O-O 14.
Bc2 Nd7 15. Bf4 f5 16. g4 Nf6 17. gxf5 exf5 18. Rg1 Kh8 19. Be5 cxd4 20. exd4 Qe6 21.
O-O-O Rf7 22. Rg6 b5 23. Rdg1 bxa4 24. Qf3 a3 25. Bxf5 axb2+ 26. Kb1 Qc6 27. Qe3 Qa4 28.
Qxh6+ Kg8 29. Rxg7+ 1-0

[Event "*** Titled Tuesday 3|2 Blitz"]
[Site "Chess.com"]
[Date "2016.07.05"]
[Round "5"]
[White "Gajuchess"]
[Black "kpio91"]
[Result "1-0"]
[WhiteElo "2542"]
[BlackElo "2547"]
[TimeControl "180+2"]
[EndTime "11:59:07 PDT"]
[Termination "Gajuchess won by resignation"]

1. Nf3 c5 2. e4 Nc6 3. Nc3 g6 4.
d4 cxd4 5. Nxd4 Bg7 6. Be3 Nf6 7.
Bc4 Qa5 8. O-O O-O 9. Bb3 d6 10. h3 Bd7 11. f4 Rac8 12. Nf3 Rfd8 13. Qe2 Nh5 14. Qe1 Be6 15. Bxe6 fxe6 16. g4 Bxc3 17. bxc3 Nf6 18. Ng5 e5 19. f5 Nb8 20. Ne6 Re8 21. Qh4 Qxc3 22. Qh6 1-0

[Event "*** Titled Tuesday 3|2 Blitz"]
[Site "Chess.com"]
[Date "2016.07.05"]
[Round "5"]
[White "EltajSafarli"]
[Black "OparinGrigoriy"]
[Result "1-0"]
[WhiteElo "2758"]
[BlackElo "2643"]
[TimeControl "180+2"]
[EndTime "11:59:09 PDT"]
[Termination "EltajSafarli won by checkmate"]

1. e4 c5 2. Nf3 d6 3. d4 cxd4 4.
Nxd4 Nf6 5. Nc3 a6 6. Bg5 Nbd7 7. Qe2 h6 8. Bh4 Qc7 9. O-O-O e6 10. f4 g5 11. fxg5 hxg5 12. Bxg5 Be7 13. g3 b5 14. Bg2 Bb7 15. Kb1 b4 16. Nd5 exd5 17. exd5 Ne5 18. Nc6 Bxc6 19. dxc6 Nh7 20. Bf4 Nf8 21.
Bxe5 dxe5 22. Rd7 Nxd7 23. cxd7+ Kxd7 24. Qg4+ Kd6 25. Rd1+ Kc5 26. Rd7 Qc8 27. Bb7 f5 28.
Qd1 Qg8 29. Bxa8 Qxa8 30. Rxe7 Re8 31. Rc7+ Kb5 32. Qd7+ Ka5 33. Rc5+ Kb6 34. Qc7# 1-0

[Event "*** Titled Tuesday 3|2 Blitz"]
[Site "Chess.com"]
[Date "2016.07.05"]
[Round "5"]
[White "Zhani-Z"]
[Black "Abrito99"]
[Result "1-0"]
[WhiteElo "2270"]
[BlackElo "2327"]
[TimeControl "180+2"]
[EndTime "11:59:10 PDT"]
[Termination "Zhani-Z won by resignation"]

1. e4 e6 2. d4 d5 3. Nd2 a6 4. c3 c5 5. dxc5 Bxc5 6. Bd3 Nf6 7. Qe2 Nc6 8. Ngf3 Bb6 9. e5 Nd7 10. Nb3 Bc7 11. Bg5 f6 12. exf6 Nxf6 13. Nbd4 Qe7 14. Nxc6 bxc6 15. Ne5 O-O 16. O-O Bb7 17. Rae1 Rae8 18.
f4 Qc5+ 19. Kh1 Bxe5 20. fxe5 Nd7 21. Qh5 Rxf1+ 22. Rxf1 Nf8 23. Qxe8 1-0

[Event "*** Titled Tuesday 3|2 Blitz"]
[Site "Chess.com"]
[Date "2016.07.05"]
[Round "5"]
[White "E-Shaposhnikov"]
[Black "Cayse"]
[Result "1-0"]
[WhiteElo "2658"]
[BlackElo "2567"]
[TimeControl "180+2"]
[EndTime "11:59:15 PDT"]
[Termination "E-Shaposhnikov won by checkmate"]

1. Nf3 Nf6 2. c4 e6 3. Nc3 d5 4.
d4 Be7 5. Bf4 O-O 6. e3 Nbd7 7.
c5 Ne4 8. Bd3 f5 9. h4 c6 10. Rc1 b6 11. b4 a5 12. Bxe4 dxe4 13.
Ng5 Nf6 14. Na4 Nd5 15. Qh5 Nf6 16. Qd1 Nd5 17. Nxb6 Nxb6 18. Qh5 h6 19. Qg6 Bxg5 20. hxg5 Nd7 21. Rxh6 Qe8 22. Qh7+ Kf7 23. Bd6 Rg8 24.
Qg6# 1-0

[Event "*** Titled Tuesday 3|2 Blitz"]
[Site "Chess.com"]
[Date "2016.07.05"]
[Round "5"]
[White "AdamHunt1"]
[Black "Izoria123"]
[Result "1/2-1/2"]
[WhiteElo "2392"]
[BlackElo "2589"]
[TimeControl "180+2"]
[EndTime "11:59:15 PDT"]
[Termination "Game drawn by agreement"]

1. e4 c6 2. d4 d5 3. exd5 cxd5 4. c4 Nf6 5. Nc3 g6 6. Qb3 Bg7 7. cxd5 O-O 8. Be2 Re8 9. Nf3 Nbd7 10. Ne5 Qb6 11. Be3 Qxb3 12. axb3 Nb6 13. Bf3 Rd8 14. Ra5 Ne8 15. Nc4 Bd7 16. O-O Nd6 17. Nxd6 exd6 18. Rfa1 a6 19. Be2 Rac8 20. b4 Nc4 21. Bxc4 Rxc4 22. b5 axb5 23. Nxb5 Bxb5 24. Rxb5 Bxd4 25. Bxd4 Rxd4 26. h3 Rd7 27. Ra7 Rd2 28. Raxb7 Rxb7 29. Rxb7 Rxd5 30. b4 Rd2 31. b5 Rb2 32. Rd7 1/2-1/2

[Event "*** Titled Tuesday 3|2 Blitz"]
[Site "Chess.com"]
[Date "2016.07.05"]
[Round "5"]
[White "rithwik2002"]
[Black "oskariot"]
[Result "1-0"]
[WhiteElo "1918"]
[BlackElo "2262"]
[TimeControl "180+2"]
[EndTime "11:59:22 PDT"]
[Termination "rithwik2002 won by resignation"]

1. d4 Nf6 2. Bf4 g6 3. Nc3 d6 4. Qd2 c6 5. e4 Bg7 6. Bh6 Bxh6 7. Qxh6 Qa5 8. O-O-O Be6 9. a3 Nbd7 10. Nf3 b5 11. d5 cxd5 12. exd5 Bg4 13. Bxb5 Bxf3 14. gxf3 Rb8 15.
Bxd7+ Kxd7 16. Rhe1 Rhc8 17. Qe3 Re8 18. Ne4 Nxd5 19.
Qd4 Rb5 20. c4 Rc8 21. Kb1 Rb3 22. Qxd5 Qxa3 23. Rd2 Rcb8 24. Nc5+ Qxc5 25. Qxc5 1-0

[Event "*** Titled Tuesday 3|2 Blitz"]
[Site "Chess.com"]
[Date "2016.07.05"]
[Round "5"]
[White "CraiggoryC"]
[Black "alturas_pacificas"]
[Result "1-0"]
[WhiteElo "2089"]
[BlackElo "2157"]
[TimeControl "180+2"]
[EndTime "11:59:23 PDT"]
[Termination "CraiggoryC won by resignation"]

1. e4 g6 2. d4 Bg7 3. Nc3 d6 4. Be3 a6 5. f4 b5 6. Nf3 Bb7 7.
Bd3 Nd7 8. Qd2 Rc8 9. O-O c5 10. dxc5 Nxc5 11. f5 Nxd3 12. cxd3 Nf6 13. Bh6 O-O 14.
Qf4 b4 15. Nd1 Re8 16. Bxg7 Kxg7 17. Qh4 Rh8 18. Kh1 h6 19. fxg6 fxg6 20. Nd4 Qd7 21. Ne3 e5 22. Qxf6+ Kh7 23. Qf7+ Qxf7 24. Rxf7+ Kg8 25. Rxb7 exd4 26. Nd5 Rh7 27. Nf6+ Kf8 28. Nxh7+ Kg8 29. Nf6+ Kf8 30. Rf1 1-0